 Dungeon Crawl Stone Soup version 0.31-a0-233-g139696dc86 (webtiles) character file.

Game seed: 14895500466235160783

4 qw the Vexing (level 1, -1/12 HPs)
             Began as a Gargoyle Hexslinger on July 7, 2023.
             Slain by an endoplasm (3 damage)
             ... on level 1 of the Dungeon.
             The game lasted 00:00:02 (134 turns).

qw the Vexing (Gargoyle Hexslinger)                  Turns: 134, Time: 00:00:03

Health: -1/12      AC:  4    Str: 11    XL:     1   Next: 60%
Magic:  2/2        EV: 12    Int: 13    God:
Gold:   0          SH:  0    Dex: 12    Spells: 1/2 levels left

rFire   . . .        a - +1 sling
rCold   . . .        (no shield)
rNeg    + . .        c - +0 robe
rPois   inf          (no helmet)
rElec   +            (no cloak)
rCorr   .            (no gloves)
SInv    .            (no boots)
Will    .....        (no amulet)
Stlth   +            (no ring)
HPRegen 0.22/turn    (no ring)
MPRegen 0.08/turn

%: no passive effects
@: no status effects
A: sickness immunity, AC +2, negative energy resistance 1, electricity
resistance, torment resistance 1, petrification resistance
a: no special abilities


You were on level 1 of the Dungeon.
You visited 1 branch of the dungeon, and saw 1 of its levels.


Innate Abilities, Weirdness & Mutations

You are immune to sickness and miasma.
Your stone body is resilient. (AC +2)
You are immune to poison.
You resist negative energy. (rN+)
You are resistant to electric shocks. (rElec)
You are resistant to unholy torment.
You are immune to petrification.


   Skills:
 - Level 1.1 Fighting
 + Level 2.4 Ranged Weapons
 - Level 1.5 Dodging
 - Level 1.0 Spellcasting
 - Level 2.6 Hexes


You had one spell level left.
You knew the following spells:

 Your Spells              Type           Power      Damage    Failure   Level
a - Slow                  Hex            28%        N/A       10%         1

Your spell library contained the following spells:

 Spells                   Type           Power      Damage    Failure   Level
 Inner Flame              Hex/Fire       4%         N/A       43%         3
 Portal Projectile        Hex/Tloc       8%         N/A       43%         3
 Cause Fear               Hex            3%         N/A       67%         4

Inventory:

Hand Weapons
 a - a +1 sling (weapon)
Armour
 c - a +0 robe (worn)
 g - a +0 leather armour of cold resistance
Scrolls
 b - a scroll of poison
Potions
 d - a potion of brilliance {unknown}
 e - a potion of curing {unknown}
 f - a potion of haste {unknown}

Dungeon Overview and Level Annotations

Branches:
Dungeon (1/15)

Altars:


Message History

Enter note: You shoot a sling bullet.
The sling bullet barely misses the giant cockroach.
An endoplasm comes into view.
You shoot a sling bullet.
The sling bullet closely misses the giant cockroach.
The endoplasm quivers.
You shoot a sling bullet.
The sling bullet hits the giant cockroach.
The giant cockroach is severely wounded.
A bat comes into view.
You shoot a sling bullet.
The sling bullet barely misses the giant cockroach.
The sling bullet closely misses the goblin.
The giant cockroach misses you.
You shoot a sling bullet.
The sling bullet hits the giant cockroach.
The giant cockroach is almost dead.
The giant cockroach closely misses you. The bat hits you but does no damage.
The giant cockroach bites you but does no damage.
You shoot a sling bullet.
The sling bullet closely misses the giant cockroach.
The bat barely misses you. The giant cockroach bites you.
The goblin hits you but does no damage. The giant cockroach closely misses you.
You shoot a sling bullet.
The sling bullet barely misses the giant cockroach.
The endoplasm misses you. The goblin hits you but does no damage.
The giant cockroach bites you but does no damage.
The goblin hits you with a +0 club. The endoplasm freezes you.
You are frozen.
You shoot a sling bullet.
The sling bullet hits the giant cockroach.
You kill the giant cockroach!
The bat hits you but does no damage. The endoplasm hits you.
The goblin hits you but does no damage.
You shoot a sling bullet. The sling bullet hits the bat!
You kill the bat!
The goblin hits you with a +0 club. The endoplasm hits you.
You die...

##.............
........................
##......................
#######....#.##.........
........####............
.........[....#.........
........#####.#.........
...)............g%......
####............@J......
#...........#####.#..
#...######.## #...# #.#
#...# #.# #...# #.#
##...######.#
#...........#
###....########


You could see an endoplasm and a goblin.

Vanquished Creatures
  A giant cockroach (D:1)
  2 ball pythons (D:1)
  A bat (D:1)
  A kobold (D:1)
5 creatures vanquished.

Notes
Turn   | Place    | Note
-------+----------+-------------------------------------------
     0 | D:1      | qw the Gargoyle Hexslinger began the quest for the Orb.
     0 | D:1      | Reached XP level 1. HP: 12/12 MP: 2/2
     0 | D:1      | 0 ||| qw: Version: 0.3-a-46-gb1f654a
     0 | D:1      | 0 ||| qw: Game counter: 3248
     0 | D:1      | 0 ||| qw: Melee chars always use a shield: true
     0 | D:1      | 0 ||| qw: God list: Okawaru
     0 | D:1      | 0 ||| qw: Allow faded altars: false
     0 | D:1      | 0 ||| qw: Do Orc after clearing Dungeon:15 true
     0 | D:1      | 0 ||| qw: Do second Lair branch before Depths: true
     0 | D:1      | 0 ||| qw: Lair rune preference: random
     0 | D:1      | 0 ||| qw: Goals: Normal
     0 | D:1      | 0 ||| PLANNING D:1-11
   134 | D:1      | HP: 2/12 [goblin/+0 club (3)]
   134 | D:1      | Slain by an endoplasm

Levels and vault maps discovered:
D:1:      psy_arrival_whirlpool, layout_basic, shapermc_ecumenical_altar_petra

Action                     || total
---------------------------++-------
   Fire: Sling             ||    12
 Armour: Robe              ||     7
  Dodge: Dodged            ||     5

Table legend:
 A = Non-vault XP
 B = Vault XP
 C = Vault XP percentage of total XP
 D = Non-vault monster count
 E = Vault monster count
 F = Vault count percentage of total count
                 A         B        C        D         E       F
            +---------+---------+-------+---------+---------+-------
      Total |       7 |       0 |   0.0 |       5 |       0 |   0.0
            +---------+---------+-------+---------+---------+-------
        D:1 |       7 |       0 |   0.0 |       5 |       0 |   0.0
            +---------+---------+-------+---------+---------+-------
